cohdb
Replays
Latest Replays
All Replays
Popular Replays
Top Player Replays
Match Explorer
How It Works
Community
CoH3 Stats
Reddit
Sign in to upload your games and track your stats! →
Sign in with Steam
Match 42651264
Unlisted
Match 42651264
Overview
Messages
Build Orders
End
Panzergrenadier Squad
Panzergrenadier Squad
Kradschützen Motorcycle Team
Panzergrenadier Squad
Construct Light Support Kompanie
Selects Armored Support Battlegroup
2.5-tonne Medical Truck
Combat Half-tracks
Assault Mechanized Group
Fire Support Elements
Flakvierling Half-track
Selects Superior Fire Drills
Veteran Squad Leaders
Construct Panzerarmee Kommand
Selects Flammpanzer III Medium Tank
Assault Mechanized Group
Selects Salvage Kits
Panzer III L Medium Tank
Selects Command Panzer IV F Medium Tank
Walking Stuka Rocket Launcher
Selects Panzer Storm
Panzer III L Medium Tank
Selects Stuka Dive Bomb
Emergency Repair Kits
Panzer III L Medium Tank
Stuka Dive Bomb
Kradschützen Motorcycle Team
Armored Reserves
Stuka Dive Bomb
Breadnought
Nukepapa
0
0
Comments
sign in to comment!
No comments posted yet!